AoeStats
← Rattack

Arena

509931339Analyzed
2v2 RM · 5d ago on Sep 28, 2026· 22m 50s· 4 players
Game mode
Random Map
Map size
Medium (4 player)
Population
200
Speed
Normal
Resources
Standard
Victory
Conquest
Starting age
Dark Age
Ending age
Imperial Age
RankedLock teamsTeams togetherTeam positionsShared explorationLock speedFull tech treeHidden civsTurbo modeCheats
Victory
Defeat
🇹🇼 Celts · Taiwan
1602
+10
🇦🇷 Cumans · Argentina
1382
+18
🇫🇮 Burmese · Finland
1468
-15
🇫🇮 Mapuche · Finland
1424
-13
Rattack
9:28 Feudal Age
13:12 Castle Age
17:46 Loom
kummisetä
3:38 Loom
6:57 Loom
9:47 Feudal Age
13:34 Castle Age
12:07 Double-Bit Axe
12:04 Horse Collar
15:28 Wheelbarrow
16:37 Bow Saw
16:46 Heavy Plow
16:41 Gold Mining
20:40 Scale Mail Armor
20:17 Champi Runner
21:11 Forging
Fries
8:12 Loom
9:58 Feudal Age
14:33 Castle Age
12:25 Double-Bit Axe
[TAIDA]= =
7:04 Loom
9:00 Feudal Age
9:49 Double-Bit Axe
9:46 Horse Collar
14:59 Wheelbarrow
17:01 Town Watch
20:01 Castle Age
18:50 Gold Mining
20:48 Scale Barding Armor
21:09 Bow Saw
21:37 Bloodlines
21:49 Chain Barding Armor
Connection lost

Rejoining the realm…

Still unreachable

The connection could not be restored.

Session expired

The server has moved on; the page needs a fresh start.